 Dungeon Crawl Stone Soup version 0.21.1-1-g345015fe64 (webtiles) character file.

109 Ablot the Covered (level 4, -1/38 HPs)
             Began as a Gnoll Wanderer on July 23, 2018.
             Slain by Grinder (2 damage)
             ... while paralysed by Grinder
             ... on level 3 of the Dungeon.
             The game lasted 00:05:24 (1694 turns).

Ablot the Covered (Gnoll Wanderer)                  Turns: 1694, Time: 00:05:25

Health: -1/38      AC: 13    Str: 14    XL:     4   Next: 89%
Magic:  5/5        EV:  2    Int: 16    God:
Gold:   135        SH:  0    Dex: 14    Spells: 5/5 levels left

rFire    . . .     SeeInvis .   a - +2 mace
rCold    . . .     Gourm    .   (no shield)
rNeg     . . .     Faith    .   f - +0 plate armour
rPois    .         Spirit   .   (no helmet)
rElec    .         Reflect  .   (no cloak)
rCorr    .         Harm     .   (no gloves)
MR       .....                  (no boots)
Stlth    ..........             (no amulet)
HPRegen  0.12/turn              v - ring of loudness (curse)
MPRegen  0.09/turn              (no ring)

@: paralysed
A: distributed training, fangs 1, strong nose
a: no special abilities


You were on level 3 of the Dungeon.
You were not hungry.

You visited 1 branch of the dungeon, and saw 3 of its levels.

You collected 135 gold pieces.

Inventory:

Hand Weapons
 a - a +2 mace (weapon)
 w - a +0 dagger of freezing
Missiles
 m - 42 arrows
 o - 4 tomahawks
 t - 5 javelins (quivered)
Armour
 f - a +0 plate armour (worn)
Jewellery
 v - a cursed ring of loudness (left hand)
Scrolls
 b - 4 scrolls of teleportation
 g - 4 scrolls of remove curse {unknown}
 h - 2 scrolls of identify {unknown}
 i - a scroll of magic mapping {unknown}
 j - a scroll of immolation {unknown}
 k - a scroll of enchant weapon {unknown}
 p - a scroll of random uselessness {unknown}
 q - 3 scrolls of amnesia {unknown}
Potions
 e - a potion of might {unknown}
 l - a potion of lignification {unknown}
 n - a potion of cancellation {unknown}
 r - 2 potions of flight {unknown}
 s - 4 potions of mutation {unknown}
 u - 2 potions of ambrosia {unknown}
 x - a potion of invisibility {unknown}
Comestibles
 c - 4 chunks of flesh
 d - 5 rations


   Skills:
 + Level 4.7 Fighting
 + Level 1.2 Short Blades
 + Level 1.2 Long Blades
 + Level 1.2 Axes
 + Level 4.7 Maces & Flails
 + Level 1.2 Polearms
 + Level 2.8 Staves
 + Level 1.2 Slings
 + Level 1.2 Bows
 + Level 1.2 Crossbows
 + Level 1.2 Throwing
 + Level 6.6 Armour
 + Level 1.2 Dodging
 + Level 1.2 Stealth
 + Level 4.7 Shields
 + Level 1.2 Unarmed Combat
 + Level 1.2 Spellcasting
 + Level 1.0 Conjurations
 + Level 1.0 Hexes
 + Level 1.0 Charms
 + Level 1.0 Summonings
 + Level 1.0 Necromancy
 + Level 1.0 Translocations
 + Level 1.0 Transmutations
 + Level 1.0 Fire Magic
 + Level 1.0 Ice Magic
 + Level 1.0 Air Magic
 + Level 1.0 Earth Magic
 + Level 1.0 Poison Magic
 + Level 1.3 Invocations
 + Level 1.2 Evocations


You had 5 spell levels left.
You didn't know any spells.

Dungeon Overview and Level Annotations

Branches:
Dungeon (3/15)

Altars:

Annotations:
D:3 Grinder


Innate Abilities, Weirdness & Mutations

Your experience applies equally to all skills.
You have very sharp teeth.
Your uncanny sense of smell can sniff out nearby items.


Message History

Grinder hits you but does no damage.
You hit Grinder.
Grinder is severely wounded.
Grinder gestures at you. Pain shoots through your body!
* * * LOW HITPOINT WARNING * * *
Your plate armour prevents you from hitting Grinder.
Grinder is severely wounded.
Grinder gestures at you.
You suddenly lose the ability to move!
Grinder hits you.
* * * LOW HITPOINT WARNING * * *
You writhe in agony.
* * * LOW HITPOINT WARNING * * *
Grinder hits you.
* * * LOW HITPOINT WARNING * * *
Grinder hits you.
* * * LOW HITPOINT WARNING * * *
You writhe in agony.
You die...

# # # # # ## .## ..#
###########.#
.#########....!.@5S..#
...........###########
############


You could see Grinder and a ball python.

Vanquished Creatures
  An orc wizard (D:3)
  3 adders
  A worm (D:3)
  3 leopard geckos
  4 orcs (D:3)
  9 bats
  A giant cockroach (D:2)
  6 jackals
  8 kobolds
  A ball python (D:3)
  6 frilled lizards
  3 goblins
  A rat (D:1)
47 creatures vanquished.

Notes
Turn   | Place    | Note
-------+----------+-------------------------------------------
     0 | D:1      | Ablot the Gnoll Wanderer began the quest for the Orb.
     0 | D:1      | Ablot set off with: a +2 mace, a scroll of teleportation, a +0 ring mail, a ration
     0 | D:1      | Reached XP level 1. HP: 20/20 MP: 1/1
   125 | D:1      | Reached XP level 2. HP: 25/26 MP: 2/2
   825 | D:2      | Reached XP level 3. HP: 29/31 MP: 3/3
   969 | D:2      | Reached skill level 1 in Invocations
  1360 | D:3      | Reached skill level 1 in Short Blades
  1360 | D:3      | Reached skill level 1 in Long Blades
  1360 | D:3      | Reached skill level 1 in Axes
  1360 | D:3      | Reached skill level 1 in Polearms
  1360 | D:3      | Reached skill level 1 in Slings
  1360 | D:3      | Reached skill level 1 in Bows
  1360 | D:3      | Reached skill level 1 in Crossbows
  1360 | D:3      | Reached skill level 1 in Throwing
  1360 | D:3      | Reached skill level 1 in Dodging
  1360 | D:3      | Reached skill level 1 in Stealth
  1360 | D:3      | Reached skill level 1 in Unarmed Combat
  1360 | D:3      | Reached skill level 1 in Spellcasting
  1360 | D:3      | Reached skill level 1 in Evocations
  1360 | D:3      | Reached XP level 4. HP: 24/38 MP: 5/5
  1595 | D:3      | Reached skill level 1 in Conjurations
  1595 | D:3      | Reached skill level 1 in Hexes
  1595 | D:3      | Reached skill level 1 in Charms
  1595 | D:3      | Reached skill level 1 in Summonings
  1595 | D:3      | Reached skill level 1 in Necromancy
  1595 | D:3      | Reached skill level 1 in Translocations
  1595 | D:3      | Reached skill level 1 in Transmutations
  1595 | D:3      | Reached skill level 1 in Fire Magic
  1595 | D:3      | Reached skill level 1 in Ice Magic
  1595 | D:3      | Reached skill level 1 in Air Magic
  1595 | D:3      | Reached skill level 1 in Earth Magic
  1595 | D:3      | Reached skill level 1 in Poison Magic
  1677 | D:3      | Noticed Grinder
  1684 | D:3      | Paralysed by Grinder for 2 turns
  1691 | D:3      | Paralysed by Grinder for 4 turns
  1694 | D:3      | HP: 1/38 [Grinder (1)]
  1694 | D:3      | Slain by Grinder

Skill      XL: |  1  2  3  4 |
---------------+-------------+-----
Invocations    | 1 |  1.3
Short Blades   | 1 |  1.2
Long Blades    | 1 |  1.2
Axes           | 1 |  1.2
Polearms       | 1 |  1.2
Slings         | 1 |  1.2
Bows           | 1 |  1.2
Crossbows      | 1 |  1.2
Throwing       | 1 |  1.2
Dodging        | 1 |  1.2
Stealth        | 1 |  1.2
Unarmed Combat | 1 |  1.2
Spellcasting   | 1 |  1.2
Evocations     | 1 |  1.2
Conjurations   | 1 |  1.0
Hexes          | 1 |  1.0
Charms         | 1 |  1.0
Summonings     | 1 |  1.0
Necromancy     | 1 |  1.0
Translocations | 1 |  1.0
Transmutations | 1 |  1.0
Fire Magic     | 1 |  1.0
Ice Magic      | 1 |  1.0
Air Magic      | 1 |  1.0
Earth Magic    | 1 |  1.0
Poison Magic   | 1 |  1.0
Fighting       | |  4.7
Maces & Flails | |  4.7
Staves         | |  2.8
Armour         | |  6.6
Shields        | |  4.7

Action                   |  1- 3 |  4- 6 || total
-------------------------+-------+-------++-------
Melee: Mace              |    81 |    38 ||   119
       Bite              |     2 |     2 ||     4
  Eat: Chunk             |     1 |     2 ||     3
Armor: Ring mail         |    56 |       ||    56
       Plate armour      |    14 |    26 ||    40
Dodge: Dodged            |    52 |    15 ||    67
